 Dungeon Crawl Stone Soup version 0.27-a0-890-ged2907c (webtiles) character file.

Game seed: 12321533848430553804

179 Nithhogg the Skirmisher (level 5, -1/42 HPs)
             Began as a Demonspawn Fighter on Apr 5, 2021.
             Slain by an ogre
             ... wielding a +0 giant spiked club
              (22 damage)
             ... on level 4 of the Dungeon.
             The game lasted 00:08:17 (3655 turns).

Nithhogg the Skirmisher (Demonspawn Fighter)        Turns: 3655, Time: 00:08:18

Health: -1/42      AC:  6    Str: 17    XL:     5   Next: 32%
Magic:  5/5        EV: 10    Int: 10    God:
Gold:   99         SH:  0    Dex: 12    Spells: 4/4 levels left

rFire    . . .     SeeInvis .   a - +0 long sword
rCold    . . .     Faith    .   (no shield)
rNeg     . . .     Spirit   .   b - +0 scale mail
rPois    .         Reflect  .   (no helmet)
rElec    .         Harm     .   (no cloak)
rCorr    .         Rampage  .   (no gloves)
Will     +....                  (no boots)
Stlth    ..........             (no amulet)
HPRegen  0.14/turn              (no ring)
MPRegen  0.09/turn              (no ring)

@: no status effects
A: hooves 2, strong-willed 1, evolution 1
a: no special abilities


You were on level 4 of the Dungeon.
You visited 1 branch of the dungeon, and saw 4 of its levels.

You collected 99 gold pieces.

Inventory:

Hand Weapons
 a - a +0 long sword (weapon)
Missiles
 h - 4 boomerangs of dispersal (quivered)
Armour
 b - a +0 scale mail (worn)
 c - a +0 kite shield
Wands
 m - a wand of random effects (10)
Scrolls
 f - a scroll of enchant armour {unknown}
 g - a scroll of noise {unknown}
 j - a scroll of identify {unknown}
 n - a scroll of fog {unknown}
 o - a scroll of holy word {unknown}
 p - a scroll of enchant weapon {unknown}
 q - 3 scrolls of teleportation {unknown}
Potions
 d - a potion of might
 e - a potion of heal wounds {unknown}
 i - a potion of lignification {unknown}
 k - a potion of degeneration {unknown}
 l - a potion of attraction {unknown}


   Skills:
 + Level 3.7 Fighting
 * Level 3.4 Long Blades
 + Level 3.4 Armour
 + Level 1.8 Dodging
 - Level 2.6 Shields


You had 4 spell levels left.
You didn't know any spells.
Your spell library was empty.

Dungeon Overview and Level Annotations

Branches:
Dungeon (4/15)
 Temple: D:4-7

Altars:
Cheibriados


Innate Abilities, Weirdness & Mutations

You have hoof-like feet.
You are strong-willed. (Will+)
You evolve.


Message History

You slash the ball python!
You kill the ball python!
No target in view!
No target in view!
No target in view!
No target in view!
No target in view!
No target in view!
No target in view!
No target in view!
HP restored.
A kobold comes into view. It is wielding a +0 short sword.
The kobold shouts!
The kobold unwields a +0 short sword.
The kobold wields a +0 hand crossbow.
The kobold shoots a bolt.
The bolt closely misses you.
The kobold shoots a bolt.
The bolt hits you but does no damage.
A giant cockroach comes into view.
The kobold unwields a +0 hand crossbow.
The kobold wields a +0 short sword.
The kobold hits you but does no damage.
You hit the kobold.
You kill the kobold!
Items here: ( )) †.
The giant cockroach barely misses you.
You riposte.
You closely miss the giant cockroach. You kick the giant cockroach.
The giant cockroach is heavily wounded.
You barely miss the giant cockroach. Your kick misses the giant cockroach.
The giant cockroach is heavily wounded.
The giant cockroach closely misses you. x2
You hit the giant cockroach.
You kill the giant cockroach!
An ogre comes into view. It is wielding a +0 giant spiked club.
You hit the ogre.
The ogre is moderately wounded.
The ogre hits you with a +0 giant spiked club!!
Ouch! That really hurt!
You hit the ogre. You kick the ogre!
The ogre is heavily wounded.
The ogre hits you with a +0 giant spiked club!!
Ouch! That really hurt!
You die...

#.# #.#.# #.#
#.#.# #.#
#.#.# #.#
#.#.# #.#
#.#.# #.#
#.#.#### #.#
#...... # #.#
#.O.# .# #.#
#@###### .#
#.#
#.##...####.#
#.#
#....#......#
#.#
#....#...####
#.#
#..#####.#
#.#
#....#...##
#.#
#....#....#
#.#
#..#...##.#
#.# #..##.##
...


You could see an ogre.

Vanquished Creatures
  Natasha (thrice) (D:3)
  2 adders (D:3)
  A worm (D:2)
  3 dart slugs
  6 bats
  4 endoplasms
  2 giant cockroaches
  7 goblins
  9 hobgoblins
  12 jackals
  4 quokkas
  3 ball pythons
  7 frilled lizards
  6 kobolds
  6 rats
75 creatures vanquished.

Notes
Turn   | Place    | Note
-------+----------+-------------------------------------------
     0 | D:1      | Nithhogg the Demonspawn Fighter began the quest for the
                  | Orb.
     0 | D:1      | Reached XP level 1. HP: 18/18 MP: 1/1
   290 | D:1      | Found a faded altar of an unknown god.
   294 | D:1      | Gained mutation: You have large cloven feet. [demonic
                  | ancestry]
   294 | D:1      | Reached XP level 2. HP: 24/24 MP: 2/2
   937 | D:2      | Gained mutation: You have hoof-like feet. [demonic
                  | ancestry]
   937 | D:2      | Reached XP level 3. HP: 29/29 MP: 3/3
  1042 | D:2      | Reached skill level 1 in Dodging
  2125 | D:3      | Found a snail-covered altar of Cheibriados.
  2138 | D:3      | Reached XP level 4. HP: 35/35 MP: 4/4
  2229 | D:3      | Gained mutation: You have a pair of small horns on your
                  | head. [potion of mutation]
  2229 | D:3      | Gained mutation: You have supernaturally acute eyesight.
                  | (SInv) [potion of mutation]
  2494 | D:3      | Lost mutation: You have a pair of small horns on your head.
                  | [potion of mutation]
  2494 | D:3      | Gained mutation: You expend magic power (3 MP) to
                  | strengthen your wands. [potion of mutation]
  2494 | D:3      | Gained mutation: You are robust. (+10% HP) [potion of
                  | mutation]
  2496 | D:3      | Lost mutation: You expend magic power (3 MP) to strengthen
                  | your wands. [potion of mutation]
  2496 | D:3      | Lost mutation: You have supernaturally acute eyesight.
                  | (SInv) [potion of mutation]
  2496 | D:3      | Lost mutation: You are robust. (+10% HP) [potion of
                  | mutation]
  2496 | D:3      | Gained mutation: You evolve. [potion of mutation]
  2496 | D:3      | Gained mutation: You are strong-willed. (Will+) [potion of
                  | mutation]
  2525 | D:3      | Noticed Natasha
  2531 | D:3      | Killed Natasha
  2997 | D:3      | Noticed Natasha
  3004 | D:3      | Killed Natasha
  3005 | D:3      | Reached XP level 5. HP: 28/42 MP: 5/5
  3296 | D:3      | Noticed Natasha
  3313 | D:3      | Killed Natasha
  3653 | D:4      | Noticed an ogre
  3655 | D:4      | Slain by an ogre

Illustrated notes

Levels and vault maps discovered:
D:1:      dpeg_arrival_pits, layout_basic, ebering_ecumenical_altar_rust
D:2:      layout_basic, skrybe_limestone_x, minmay_misc_feat_iff
D:3:      layout_basic, kennysheep_slug_shrine, minmay_misc_feat_more_columns,
          st_stairs_5, uniq_natasha
D:4:      layout_loops_ring, uniq_crazy_yiuf_cottage

Skill      XL: |  1  2  3  4 |
---------------+-------------+-----
Long Blades    | 2 3 |  3.4
Armour         | 3 |  3.4
Dodging        | 1 |  1.8
Fighting       | |  3.7
Shields        | |  2.6

Action                   |  1- 3 |  4- 6 || total
-------------------------+-------+-------++-------
Melee: Long sword        |   120 |    73 ||   193
       Kick              |    18 |    21 ||    39
  Use: Potion            |       |     3 ||     3
Armor: Scale mail        |    51 |    41 ||    92
Dodge: Dodged            |    74 |    39 ||   113
       Rpst.: Long sword |    24 |    10 ||    34

Table legend: (Time is in decaauts)
 A = Elapsed time spent in this place.
 B = Non-inter-level travel time spent in this place.
 C = Inter-level travel time spent in this place.
 D = Time resting spent in this place.
 E = Time spent auto-exploring this place.
 F = Levels seen in this place.
 G = Mean time per level.
                   A        B        C        D        E       F      G
               +--------+--------+--------+--------+--------+-----+--------+
         Total |   3713 |   3657 |     56 |    258 |   2718 |   4 |  928.2 |
       Dungeon |   3713 |   3657 |     56 |    258 |   2718 |   4 |  928.2 |
               +--------+--------+--------+--------+--------+-----+--------+

Top non-repeatable levels by time:
     D:3: 1684 daAuts
     D:2: 958 daAuts
     D:1: 947 daAuts
     D:4: 123 daAuts
